 Dungeon Crawl Stone Soup version 0.26-a0-18-g135ff06667 (webtiles) character file.

Game seed: 9940824413134079399, levelgen mode: deterministic

197960 sadmsakldnsad the Eclecticist (level 18, -13/95 HPs)
             Began as a Deep Elf Wizard on May 24, 2020.
             Was the Champion of Vehumet.
             Killed from afar by a deep elf sorcerer (29 damage)
             ... with damnation
             ... on level 3 of the Elven Halls on May 25, 2020.
             The game lasted 06:51:37 (38441 turns).

sadmsakldnsad the Eclecticist (Deep Elf Wizard)    Turns: 38441, Time: 06:51:37

Health: -13/95     AC: 17    Str:  7    XL:     18   Next: 20%
Magic:  3/42       EV: 16    Int: 37    God:    Vehumet [******]
Gold:   1183       SH:  0    Dex: 13    Spells: 4/54 levels left

rFire    + . .     SeeInvis .   s - +6 whip "Zagrep" {vorpal, rN+ Int+3}
rCold    + + .     Gourm    .   (no shield)
rNeg     + . .     Faith    .   T - +2 leather armour {rPois}
rPois    +         Spirit   .   B - +1 helmet
rElec    +         Reflect  .   K - +2 cloak
rCorr    .         Harm     .   P - +0 pair of gloves
MR       +....                  g - +0 pair of boots
Stlth    ++++......             k - amulet of magic regeneration
HPRegen  0.25/turn              I - ring of protection from magic
MPRegen  0.53/turn              M - ring "Cifommot" {rElec rF+ rC++ MR- Str+3 Stlth+}

@: no status effects
A: talons 1, molten scales 1, yellow scales 1, clever 1
a: Renounce Religion


You were on level 3 of the Elven Halls.
You worshipped Vehumet.
Vehumet was exalted by your worship.
You were not hungry.

You visited 6 branches of the dungeon, and saw 30 of its levels.

You collected 2746 gold pieces.
You spent 1563 gold pieces at shops.

Inventory:

Hand Weapons
 s - the +6 whip "Zagrep" (weapon) {vorpal, rN+ Int+3}
   (You took it off a naga on level 1 of the Snake Pit)

   It inflicts extra damage upon your enemies.
   It affects your intelligence (+3).
   It protects you from negative energy.
Missiles
 h - 399 stones (quivered)
Armour
 g - a +0 pair of boots (worn)
 B - a +1 helmet (worn)
 K - a +2 cloak (worn)
 P - a +0 pair of gloves (worn)
 T - a +2 leather armour of poison resistance (worn)
Jewellery
 e - the ring of Junithrec {Fire Str+4 Int+3}
   (You bought it in a shop on level 12 of the Dungeon)

   [ring of fire]

   It enhances your fire magic.
   It affects your strength (+4).
   It affects your intelligence (+3).
   It protects you from fire.
   It makes you vulnerable to cold.
 k - an amulet of magic regeneration (around neck)
 w - an uncursed ring of resist corrosion
 E - an uncursed ring of protection from cold
 I - a ring of protection from magic (left hand)
 M - the ring "Cifommot" (right hand) {rElec rF+ rC++ MR- Str+3 Stlth+}
   (You acquired it on level 1 of the Elven Halls)

   [ring of protection from fire]

   It affects your strength (+3).
   It protects you from fire.
   It greatly protects you from cold.
   It insulates you from electricity.
   It affects your resistance to hostile enchantments.
   It makes you more stealthy.
 N - an uncursed ring of magical power
 R - an uncursed ring of poison resistance
 V - an uncursed ring of see invisible
Wands
 a - a wand of enslavement (10)
 q - a wand of flame (26)
 F - a wand of disintegration (28)
 J - a wand of clouds (17)
 O - a wand of paralysis (15)
 Y - a wand of acid (19)
Scrolls
 l - 3 scrolls of immolation
 m - 2 scrolls of magic mapping
 n - 16 scrolls of remove curse
 p - 5 scrolls of fog
 t - a scroll of amnesia
 u - 4 scrolls of enchant weapon
 y - 2 scrolls of holy word
 A - a scroll of summoning
 C - 4 scrolls of identify
 G - a scroll of enchant armour
 H - 9 scrolls of teleportation
 L - 3 scrolls of fear
Potions
 b - a potion of brilliance
 c - 2 potions of cancellation
 f - a potion of resistance
 i - 5 potions of stabbing
 o - 11 potions of curing
 v - 2 potions of haste
 z - 3 potions of might
 D - a potion of ambrosia
 Q - a potion of flight
 U - 2 potions of berserk rage
Miscellaneous
 x - a lightning rod (4/4)
 S - a phial of floods
 X - a phantom mirror
Comestibles
 d - 43 rations
 j - 6 chunks of flesh


   Skills:
 - Level 4.5 Fighting
   Level 7.4 Staves
 - Level 3.7 Armour
 - Level 9.2 Dodging
 - Level 4.9 Stealth
 - Level 18.9 Spellcasting
 + Level 18.7 Conjurations
 - Level 9.0 Hexes
 - Level 1.1 Summonings
 - Level 9.4 Necromancy
 - Level 4.1 Translocations
 + Level 15.4 Fire Magic
 - Level 2.9 Air Magic
 - Level 5.5 Earth Magic
 - Level 1.7 Poison Magic
 - Level 6.5 Evocations


You had 4 spell levels left.
You knew the following spells:

 Your Spells              Type           Power        Failure   Level  Hunger
a - Magic Dart            Conj           ####         0%          1    None
b - Blink                 Tloc           N/A          1%          2    None
c - Conjure Flame         Conj/Fire      ########     0%          3    None
d - Call Imp              Summ           #####...     1%          2    None
e - Mephitic Cloud        Conj/Pois/Air  #######.     1%          3    None
f - Sandblast             Erth           ######       1%          1    None
g - Apportation           Tloc           ######       1%          1    None
h - Summon Butterflies    Summ           #####...     1%          1    None
i - Tukima's Dance        Hex            #######.     1%          3    None
j - Dazzling Flash        Conj/Hex       ######       0%          3    None
k - Iskenderun's Mystic   Conj/Tloc      #######.     1%          4    None
l - Inner Flame           Hex/Fire       #######.     1%          3    None
m - Borgnjor's Vile Clut  Necr/Erth      ######....   1%          5    None
n - Orb of Destruction    Conj           ########..   1%          7    None
o - Fireball              Conj/Fire      ########..   1%          5    None
p - Invisibility          Hex            #######.     4%          6    None

Your spell library contained the following spells:

 Spells                   Type           Power        Failure   Level  Hunger
 Lehudib's Crystal Spear  Conj/Erth      #######...   16%         8    ####...
 Chain Lightning          Conj/Air       #######...   24%         8    ####...
 Absolute Zero            Ice            #####.....   100%        9    #####..
 Corona                   Hex            #######      1%          1    None
 Corpse Rot               Necr/Air       N/A          1%          2    None
 Ensorcelled Hibernation  Hex/Ice        ######       1%          2    None
 Slow                     Hex            #######.     1%          2    None
 Sublimation of Blood     Necr           #######...   1%          2    None
 Confusing Touch          Hex            #######.     1%          3    None
 Lesser Beckoning         Tloc           ######....   1%          3    None
 Static Discharge         Conj/Air       #######.     1%          3    None
 Cause Fear               Hex            #######...   1%          4    None
 Dispel Undead            Necr           #######.     1%          4    None
 Ozocubu's Armour         Chrm/Ice       #####...     3%          3    None
 Agony                    Necr           #######.     1%          5    None
 Irradiate                Conj/Tmut      #######...   1%          5    None
 Lightning Bolt           Conj/Air       #######...   1%          5    None
 Yara's Violent Unravell  Hex/Tmut       ######....   1%          5    None
 Silence                  Hex/Air        ######....   3%          5    None
 Excruciating Wounds      Chrm/Necr      ######....   4%          5    None
 Ignition                 Fire           #######...   4%          8    ####...
 Alistair's Intoxication  Tmut/Pois      #####...     24%         5    None
 Simulacrum               Ice/Necr       ######....   28%         6    None
 Statue Form              Tmut/Erth      ######...    52%         6    None
 Hydra Form               Tmut           #####.....   89%         6    None
 Discord                  Hex            #######...   90%         8    ####...
 Dragon Form              Tmut           #####.....   100%        7    None
 Shatter                  Erth           ######....   100%        9    #####..
 Tornado                  Air            ######....   100%        9    #####..


Dungeon Overview and Level Annotations

Branches:
Dungeon (15/15)            Temple (1/1) D:6            Lair (6/6) D:11
 Shoals (0/4) Lair:4        Snake (3/4) Lair:3        Slime (0/5) Lair:6
    Orc (2/2) D:12            Elf (3/3) Orc:2        Vaults (0/5) D:13
 Depths (0/5) D:15

Altars:
Ashenzari
Cheibriados
Dithmenos
Elyvilon
Fedhas
Gozag
Hepliaklqana
Kikubaaqudgha
Makhleb
Nemelex Xobeh
Okawaru
Qazlal
Ru
Sif Muna
Trog
Uskayaw
Vehumet
Wu Jian
Xom
Yredelemnul
Zin
The Shining One
Beogh
Jiyva

Shops:
D:4 }   D:11 ?%*}[   D:12 =   Orc:2 *!:[(([   Elf:1 [   Elf:2 }   Snake:1 *
Snake:2 (

Portals:
Trove: D:13 (give +4 fire dragon scales)

Annotations:
D:11 exclusion: oklob plant
Lair:5 exclusion: oklob plant
Orc:2 2 exclusions
Elf:2 exclusion: 2 doors


Innate Abilities, Weirdness & Mutations

You have sharp toenails.
You are partially covered in molten scales. (AC +2)
You are partially covered in yellow scales. (AC +2)
Your mind is acute. (Int +2)


Message History

Aim: a deep elf sorcerer, wielding a +0 long sword (fast, spells empowered) Zombie hands grab the crawling corpse.
Zombie hands grab the deep elf sorcerer.
The zombie hands constrict the deep elf sorcerer!
The zombie hands constrict the crawling corpse.
You destroy the crawling corpse!
The deep elf sorcerer struggles to escape constriction.
The deep elf sorcerer casts a spell at you.
The sphere of damnation explodes!
The damnation engulfs you!!!
Ouch! That really hurt!
* * * LOW HITPOINT WARNING * * *
The zombie hands constrict the deep elf sorcerer!
The deep elf sorcerer's eyes start to glow.
The deep elf sorcerer escapes!
Okay, then.
Okay, then.
The deep elf sorcerer shouts, "You can't withstand my power!"
The deep elf sorcerer points at you and mumbles some strange words.
The sphere of damnation explodes!
The damnation engulfs you!!
You die...

** ##()(..## **,,,,,**
##. * ###)### ####***,***
## #(#.# ##..# *** #
##### #.e.###..)#
############ #.#.##
#..x(.e..(# #......##...
.#.#.######.####...#
##.###.#....
#####.....#.##...###
##..##.)...
.###.####......#..##
##.#...).... #.#.##
###.####@..###..##.)....[
##.##
#.........#........#.).
###
#......###.)..)....###.
######## #..####..##...
#....##..##.#.
##.#.##.......
#............
##...##......
#.#.##...<..


You could see a deep elf sorcerer (fast, empowered).

Vanquished Creatures
  A deep elf blademaster (Elf:3)
  2 deep elf master archers (Elf:3)
  Gastronok (D:10)
  A nagaraja (Snake:2)
  4 deep elf sorcerers (Elf:3)
  2 orc warlords
  5 deep elf elementalists
  2 deep elf demonologists (Elf:3)
  Nessos (Lair:5)
  A deep elf annihilator (Elf:3)
  4 dire elephants (Lair:6)
  A deep elf death mage (Elf:3)
  3 ogre magi
  6 deep elf high priests (Elf:3)
  A yaktaur captain (D:13)
  4 hydras
  A catoblepas (D:13)
  5 naga warriors
  3 centaur warriors
  Erica (D:10)
  A death knight (D:12)
  14 dancing weapons
  7 anacondas
  17 two-headed ogres
  3 shock serpents
  5 tengu warriors
  4 death yaks (Lair:5)
  3 orc high priests
  Sonja (D:13)
  11 naga sharpshooters
  9 deep elf knights
  A salamander mystic (Snake:1)
  7 skeletal warriors
  4 unseen horrors
  2 deep trolls (Orc:2)
  4 naga ritualists
  10 deep elf archers
  6 orc knights (Elf:2)
  A phantasmal warrior (D:15)
  34 deep elf magi
  A necromancer (D:15)
  2 wolf spider zombies
  9 mana vipers
  5 ugly things
  5 manticores
  5 cyclopes
  Maurice (Orc:2)
  A fire giant zombie (D:15)
  A stone giant skeleton (D:15)
  12 elephants
  11 salamanders
  2 guardian serpents
  A black mamba (shapeshifter) (Elf:1)
  7 spiny frogs
  4 naga magi
  Maggie (Lair:2)
  30 black mambas
  6 komodo dragons
  2 yaktaurs (D:13)
  A yaktaur zombie (D:15)
  2 kobold demonologists
  A yaktaur skeleton (D:15)
  A tengu conjurer (D:14)
  A wind drake (shapeshifter) (Elf:3)
  A polar bear (Lair:3)
  3 hornets (D:11)
  A harpy zombie (D:15)
  11 trolls
  8 slime creatures
  A dream sheep (shapeshifter) (D:11)
  14 blink frogs
  12 hippogriffs
  A hippogriff (shapeshifter) (D:15)
  2 meliai zombies
  Sigmund (D:2)
  3 vampires
  A water elemental (Elf:1)
  2 wraiths
  2 wyverns
  35 yaks
  2 air elementals (Elf:1)
  8 basilisks
  2 fire elementals (Elf:1)
  2 hungry ghosts
  8 vampire mosquitoes
  3 wargs
  27 nagas
  11 water moccasins
  2 soldier ants
  8 porcupines
  5 sky beasts
  A hornet zombie (D:15)
  35 orc warriors
  2 eyes of draining
  5 ice beasts
  A phantom (D:4)
  2 necrophages (D:6)
  36 ogres
  18 wolves
  4 boggarts (D:15)
  9 centaurs
  6 crocodiles
  5 big kobolds
  3 earth elementals
  20 bullfrogs
  5 scorpions
  7 killer bees
  4 wights (D:13)
  8 howler monkeys
  12 crimson imps
  3 bullfrog zombies
  A quasit (D:13)
  2 centaur zombies
  12 hounds
  3 jellies
  20 orc priests
  3 bullfrog skeletons
  6 centaur skeletons
  A gnoll shaman (D:5)
  3 iguanas
  14 worker ants
  21 orc wizards
  Ijyb (D:3)
  2 hound skeletons
  A howler monkey zombie (D:6)
  2 worker ant zombies
  13 gnolls
  A howler monkey skeleton (D:8)
  8 adders
  4 shadow imps
  2 adder skeletons
  4 worms
  3 dart slugs
  8 leopard geckos
  73 orcs
  4 giant cockroaches
  6 goblins
  6 hobgoblins
  8 jackals
  25 kobolds
  5 quokkas
  A ball python (D:2)
  4 bats
  A frilled lizard (D:2)
  A jackal skeleton (D:6)
  4 rats
  A crawling corpse (Elf:3)
  8 fungi
  16 plants
  2 withered plants (D:15)
967 creatures vanquished.

Vanquished Creatures (collateral kills)
  An ettin (D:11)
  An orc wizard (D:7)
  An orc (D:7)
  A hobgoblin (D:3)
  A kobold (D:3)
5 creatures vanquished.

Vanquished Creatures (others)
  A dancing weapon (Orc:1)
  A water elemental (Elf:1)
  A naga (Snake:1)
  A kobold (D:11)
  7 fungi
  5 plants
16 creatures vanquished.

Grand Total: 988 creatures vanquished

Notes
Turn   | Place    | Note
-------+----------+-------------------------------------------
     0 | D:1      | sadmsakldnsad the Deep Elf Wizard began the quest for the
                  | Orb.
     0 | D:1      | Reached XP level 1. HP: 10/10 MP: 7/7
    99 | D:1      | Reached skill level 5 in Spellcasting
   122 | D:1      | Reached XP level 2. HP: 5/15 MP: 0/10
  1050 | D:2      | Noticed Sigmund
  1094 | D:2      | Found a hazy altar of Hepliaklqana.
  1105 | D:2      | Gained mutation: You are partially covered in yellow
                  | scales. (AC +2) [potion of mutation]
  1105 | D:2      | Gained mutation: Your mind is acute. (Int +2) [potion of
                  | mutation]
  1105 | D:2      | Gained mutation: You have sharp toenails. [potion of
                  | mutation]
  1105 | D:2      | Gained mutation: You are partially covered in molten
                  | scales. (AC +2) [potion of mutation]
  1385 | D:2      | Reached XP level 3. HP: 16/19 MP: 6/12
  1540 | D:2      | Learned a level 2 spell: Blink
  1811 | D:3      | Found a faded altar of an unknown god.
  1832 | D:3      | Noticed a centaur
  2047 | D:3      | Learned a level 3 spell: Conjure Flame
  2134 | D:3      | Learned a level 2 spell: Call Imp
  2165 | D:3      | Reached XP level 4. HP: 24/24 MP: 10/13
  2271 | D:3      | Learned a level 3 spell: Mephitic Cloud
  2396 | D:3      | Found a glowing golden altar of the Shining One.
  2706 | D:4      | Noticed Ijyb
  2789 | D:4      | Reached skill level 1 in Fire Magic
  2817 | D:4      | Found Lait's Gadget Emporium.
  2882 | D:4      | Noticed an ogre
  3405 | D:4      | Noticed a phantom
  3490 | D:3      | Killed Ijyb
  3490 | D:3      | Reached XP level 5. HP: 28/28 MP: 4/15
  3814 | D:5      | Entered Level 5 of the Dungeon
  3814 | D:5      | Noticed a centaur
  4550 | D:5      | Reached skill level 1 in Air Magic
  4550 | D:5      | Reached XP level 6. HP: 31/32 MP: 7/16
  4551 | D:5      | Reached skill level 1 in Poison Magic
  4771 | D:4      | Reached skill level 5 in Conjurations
  4771 | D:4      | Reached XP level 7. HP: 36/36 MP: 5/17
  5574 | D:2      | Killed Sigmund
  5763 | D:5      | Reached XP level 8. HP: 41/41 MP: 12/18
  6104 | D:5      | Reached skill level 1 in Armour
  6949 | D:6      | Found a staircase to the Ecumenical Temple.
  6953 | D:6      | Noticed a hippogriff
  6976 | D:6      | Killed a hippogriff
  6980 | D:6      | Reached skill level 5 in Dodging
  7033 | Temple   | Entered the Ecumenical Temple
  7134 | Temple   | Became a worshipper of Vehumet
  7449 | D:6      | Reached XP level 9. HP: 45/45 MP: 4/20
  7873 | D:6      | Found a white marble altar of Elyvilon.
  7873 | D:6      | Found a stormy altar of Qazlal.
  8254 | D:7      | Reached * piety under Vehumet
  8254 | D:7      | Offered knowledge of Sandblast by Vehumet.
  8408 | D:8      | Found a shimmering blue altar of Sif Muna.
  8630 | D:9      | Learned a level 1 spell: Sandblast
  8808 | D:9      | Reached skill level 1 in Earth Magic
  9255 | D:8      | Learned a level 1 spell: Apportation
  9257 | D:8      | Learned a level 1 spell: Summon Butterflies
  9261 | D:8      | Learned a level 3 spell: Tukima's Dance
  9295 | D:7      | Reached skill level 1 in Hexes
  9295 | D:7      | Reached XP level 10. HP: 50/50 MP: 21/25
  9314 | D:7      | Reached ** piety under Vehumet
  9314 | D:7      | Offered knowledge of Foxfire by Vehumet.
  9817 | D:7      | Reached skill level 5 in Hexes
 10311 | D:4      | Bought a wand of disintegration (17) for 231 gold pieces
 10504 | D:9      | Noticed a two-headed ogre
 10513 | D:9      | Killed a two-headed ogre
 10576 | D:9      | Reached skill level 1 in Evocations
 10987 | D:10     | Entered Level 10 of the Dungeon
 10992 | D:10     | Offered knowledge of Dazzling Flash by Vehumet.
 11006 | D:10     | Noticed Gastronok
 11013 | D:9      | Learned a level 3 spell: Dazzling Flash
 11459 | D:10     | Noticed Erica
 11466 | D:10     | Killed Erica
 11466 | D:10     | Reached skill level 5 in Evocations
 11618 | D:10     | Reached *** piety under Vehumet
 11927 | D:11     | Noticed a five-headed hydra
 11932 | D:11     | Killed a five-headed hydra
 12047 | D:11     | Reached XP level 11. HP: 48/54 MP: 19/26
 12089 | D:11     | Reached skill level 10 in Spellcasting
 12107 | D:11     | Offered knowledge of Iskenderun's Mystic Blast by Vehumet.
 12123 | D:11     | Learned a level 4 spell: Iskenderun's Mystic Blast
 12145 | D:11     | Found a staircase to the Lair.
 12488 | D:11     | Noticed a two-headed ogre
 12677 | D:11     | Noticed an ettin
 12688 | D:11     | Killed an ettin
 12688 | D:11     | Reached skill level 1 in Fighting
 12720 | D:11     | Reached **** piety under Vehumet
 12832 | D:11     | Identified Fuom's Volume of Unholy Enhancements
 12883 | D:11     | Noticed a shining eye
 12883 | D:11     | a shining eye changed into a merfolk
 12895 | D:11     | Noticed a fire crab
 12895 | D:11     | a hippogriff changed into a fire crab
 12903 | D:11     | Noticed a lindwurm
 12920 | D:11     | Killed a two-headed ogre
 13049 | D:11     | Noticed a white ugly thing
 13057 | D:11     | Killed a white ugly thing
 13134 | Lair:1   | Entered Level 1 of the Lair of Beasts
 13136 | Lair:1   | Offered knowledge of Inner Flame by Vehumet.
 13141 | Lair:1   | Learned a level 3 spell: Inner Flame
 13923 | Lair:1   | Learned a level 5 spell: Borgnjor's Vile Clutch
 14057 | Lair:2   | Noticed Maggie
 14063 | Lair:2   | Killed Maggie
 14230 | Lair:2   | Reached XP level 12. HP: 60/67 MP: 14/30
 14450 | Lair:2   | Reached skill level 1 in Necromancy
 14611 | Lair:2   | Reached skill level 5 in Necromancy
 14812 | Lair:2   | Reached XP level 13. HP: 72/72 MP: 30/33
 15579 | Lair:3   | Found a staircase to the Snake Pit.
 15710 | Lair:3   | Reached ***** piety under Vehumet
 15710 | Lair:3   | Offered knowledge of Lightning Bolt by Vehumet.
 15889 | Lair:3   | Reached skill level 5 in Earth Magic
 17008 | Lair:4   | Found a staircase to the Shoals.
 17418 | Lair:5   | Noticed Nessos
 17591 | Lair:5   | Paralysed by Nessos for 2 turns
 17934 | Lair:5   | Reached skill level 15 in Spellcasting
 18097 | Lair:5   | Killed Nessos
 19064 | D:11     | Reached XP level 14. HP: 76/76 MP: 19/36
 19274 | D:11     | Found Plog's Armour Shoppe.
 19538 | D:11     | Found Zifyck's Assorted Antiques.
 19544 | D:11     | Bought a scroll of teleportation for 66 gold pieces
 19544 | D:11     | Bought a scroll of teleportation for 66 gold pieces
 19601 | D:11     | Found Zaowk's Gadget Shoppe.
 19643 | D:11     | Found Afuniot's Food Emporium.
 19791 | D:11     | Found Zufaonim's Magic Scroll Boutique.
 19799 | D:11     | Bought a scroll of identify for 26 gold pieces
 19799 | D:11     | Bought a scroll of identify for 26 gold pieces
 19799 | D:11     | Bought a scroll of identify for 26 gold pieces
 19799 | D:11     | Bought a scroll of fear for 45 gold pieces
 19799 | D:11     | Bought a scroll of identify for 26 gold pieces
 19799 | D:11     | Bought a scroll of identify for 26 gold pieces
 19799 | D:11     | Bought a scroll of identify for 26 gold pieces
 19799 | D:11     | Bought a scroll of identify for 26 gold pieces
 20190 | D:12     | Found a staircase to the Orcish Mines.
 20394 | D:12     | Found Visad's Jewellery Shoppe.
 21288 | D:12     | Offered knowledge of Iron Shot by Vehumet.
 21443 | Orc:1    | Entered Level 1 of the Orcish Mines
 21449 | Orc:1    | Reached skill level 1 in Staves
 21449 | Orc:1    | Noticed an orc warlord
 21474 | Orc:1    | Killed an orc warlord
 21825 | Orc:1    | Found a roughly hewn altar of Beogh.
 21911 | Orc:2    | Entered Level 2 of the Orcish Mines
 22135 | Orc:1    | Found a roughly hewn altar of Beogh.
 22283 | Orc:2    | Found Wyret's Weapon Shoppe.
 22331 | Orc:2    | Noticed Maurice
 22518 | Orc:2    | Killed Maurice
 22629 | D:12     | Bought the ring of Junithrec {Fire Str+4 Int+3} for 700
                  | gold pieces
 22694 | Orc:2    | Found a roughly hewn altar of Beogh.
 22710 | Orc:2    | Found a staircase to the Elven Halls.
 22731 | Orc:2    | Found Qaazxy's Antique Armour Shop.
 22749 | Orc:2    | Found Ablanon's Weapon Shop.
 22761 | Orc:2    | Reached skill level 5 in Staves
 22831 | Orc:2    | Reached ****** piety under Vehumet
 22849 | Orc:2    | Offered knowledge of Orb of Destruction by Vehumet.
 22858 | Orc:2    | Learned a level 7 spell: Orb of Destruction
 22896 | Orc:2    | Found Morit's Antique Armour Boutique.
 22897 | Orc:2    | Found Mulust's Book Boutique.
 22980 | Orc:2    | Found Meuxumy's Distillery.
 22993 | Orc:2    | Found Waiserphu's General Store.
 22996 | Orc:2    | Bought a potion of curing for 30 gold pieces
 23001 | Orc:2    | Bought 2 potions of curing for 72 gold pieces
 23133 | Orc:2    | Bought a shimmering scale mail for 171 gold pieces
 23133 | Orc:2    | Identified the +3 scale mail of Kagiaq {*Corrode rPois
                  | Int-2 Dex+7} (You bought it in a shop on level 2 of the
                  | Orcish Mines)
 23350 | Snake:1  | Entered Level 1 of the Snake Pit
 23350 | Snake:1  | Found Ceta's Mass Market.
 23907 | Snake:1  | Reached XP level 15. HP: 80/80 MP: 27/39
 24221 | Snake:1  | Identified the +6 whip "Zagrep" {vorpal, rN+ Int+3}
 24874 | Snake:2  | Reached skill level 5 in Fire Magic
 25351 | Snake:2  | Offered knowledge of Fireball by Vehumet.
 25358 | Snake:2  | Learned a level 5 spell: Fireball
 25847 | Snake:2  | Noticed a nagaraja
 25851 | Snake:2  | Killed a nagaraja
 26587 | Snake:2  | Found Nuedituapi's Weapon Shop.
 27573 | Snake:3  | Reached skill level 15 in Conjurations
 27706 | Snake:3  | Reached XP level 16. HP: 68/86 MP: 20/40
 28363 | D:10     | Killed Gastronok
 28496 | D:13     | Noticed Sonja
 28497 | D:13     | Killed Sonja
 28744 | D:13     | Found a shimmering altar of Xom.
 28896 | D:13     | Found a portal to a secret trove of treasure.
 28926 | D:13     | Offered knowledge of Bolt of Magma by Vehumet.
 29024 | D:13     | Learned a level 6 spell: Invisibility
 29395 | D:13     | Found a gate to the Vaults.
 30184 | D:14     | Found a blossoming altar of Fedhas.
 30613 | D:14     | Reached skill level 10 in Fire Magic
 30801 | D:15     | Entered Level 15 of the Dungeon
 31302 | D:15     | Found a staircase to the Depths.
 31308 | D:15     | Offered knowledge of Freezing Cloud by Vehumet.
 32534 | Lair:6   | Entered Level 6 of the Lair of Beasts
 32979 | Lair:6   | Found a viscous altar of Jiyva.
 32989 | Lair:6   | Found a staircase to the Slime Pits.
 33489 | Lair:6   | Upgraded the game from 0.26-a0-6-g448add79b7 to
                  | 0.26-a0-18-g135ff06667
 33885 | Lair:6   | Got a steaming sapphire amulet
 33910 | Lair:6   | Got an iridescent war axe
 33913 | Lair:6   | Identified the +6 war axe of the New World {speed, Int+3
                  | SInv} (You found it on level 6 of the Lair of Beasts)
 33914 | Lair:6   | Identified the amulet "Kaner" {Inacc rPois Dex+5} (You
                  | found it on level 6 of the Lair of Beasts)
 34066 | Lair:6   | Reached XP level 17. HP: 90/90 MP: 33/41
 34396 | Elf:1    | Entered Level 1 of the Elven Halls
 34709 | Elf:1    | Identified a scroll of acquirement
 34713 | Elf:1    | Got the ring "Cifommot" {rElec rF+ rC++ MR- Str+3 Stlth+}
 34726 | Elf:1    | Found Paam Aro's Antique Armour Emporium.
 35289 | Elf:1    | Offered knowledge of Conjure Ball Lightning by Vehumet.
 36362 | Elf:2    | Found Denacaong's Gadget Boutique.
 36621 | Elf:2    | Found a roughly hewn altar of Beogh.
 36856 | Elf:3    | Entered Level 3 of the Elven Halls
 38037 | Elf:3    | Offered knowledge of Lehudib's Crystal Spear by Vehumet.
 38037 | Elf:3    | Offered knowledge of Chain Lightning by Vehumet.
 38037 | Elf:3    | Offered knowledge of Absolute Zero by Vehumet.
 38184 | Elf:3    | Noticed a deep elf blademaster
 38188 | Elf:3    | Noticed a deep elf master archer
 38195 | Elf:3    | Killed a deep elf blademaster
 38195 | Elf:3    | Reached XP level 18. HP: 45/95 MP: 10/42
 38205 | Elf:3    | Reached skill level 15 in Fire Magic
 38441 | Elf:3    | Killed from afar by a deep elf sorcerer

Illustrated notes

Levels and vault maps discovered:
D:1:      psy_arrival_terrarium, layout_loops_ring, grunt_decor_mini_mirrors,
          hangedman_decor_growths
D:2:      layout_basic, lemuel_doored_altar, uniq_sigmund
D:3:      layout_loops_ring, nicolae_tso_swordbearing_angel,
          chequers_ecumenical_altar_simple
D:4:      layout_basic, serial_shops,
          nicolae_shop_temple_entry_statues_fountains, first_ration,
          chequers_serial_rivers_micro_b, chequers_serial_rivers_room_a,
          uniq_ijyb
D:5:      layout_loops_ring
D:6:      minmay_spotlight, layout_basic, gammafunk_temple_overflow_pools,
          minmay_temple_entry_mist, minmay_holes
D:7:      layout_rooms
D:8:      layout_rooms, basic_altar
D:9:      layout_irregular_city
D:10:     layout_rooms, uniq_erica, uniq_gastronok
D:11:     minmay_the_grid_net [minmay_the_grid_expand,
          minmay_the_grid_zigzag_pyramid, minmay_the_grid_x,
          minmay_the_grid_odd_star, minmay_the_grid_pillar_ring,
          minmay_the_grid_prize_diamond_cup], layout_basic, lair_entry_dummy,
          serial_shops, kennysheep_little_box, nicolae_shop_window_shopping,
          shop_statue, shop_scrolls, nicolae_shop_crystal,
          hangedman_pestilent_swarm, lemuel_oklob_altar
D:12:     layout_long_grid, david_orc_3, serial_shops, nicolae_shop_crystal,
          minmay_mirror_moons_of_madness
D:13:     layout_stronghold, david_vaults_2, nicolae_trove_entry_free_sample,
          roderic_lattice_a, tgw_xom, uniq_sonja
D:14:     layout_loops_ring, lemuel_statue_altar
D:15:     gammafunk_depths_entry_grave, layout_irregular_city,
          minmay_misc_feat_columns, hangedman_abyss_or_decor_passed,
          minmay_crystal_water
Temple:   compressed_dpeg_circular_temple
Lair:1:   layout_loops_ring
Lair:2:   layout_layer_cave, uniq_maggie
Lair:3:   layout_cave_pods, minmay_snake_entry_guardpost_small,
          beast_lair_carwin_11
Lair:4:   layout_cave_pods, elwin_shoals_entry_rocks, st_stairs_3
Lair:5:   layout_misc_corridors, chequers_serial_rivers_room_b,
          grunt_megastairs_5, uniq_nessos
Lair:6:   due_jungle_book, layout_misc_corridors, slime_altar_1, minivault_23
Snake:1:  layout_chambers, minmay_shop_mass
Snake:2:  layout_honeycomb, serial_shops, shop
Snake:3:  layout_cave_pods
Orc:1:    nicolae_orc_accident_2, layout_caves, basic_altar
Orc:2:    st_orc_open, layout_diamond_mine, serial_shops, shop, shop,
          nicolae_shop_statue_plus, basic_altar, uniq_maurice
Elf:1:    minmay_elf_arrival_circle, layout_rooms, serial_shops,
          nicolae_shop_overgrown_old_shop, evilmike_minifort,
          roderic_lattice_octagonal_star
Elf:2:    layout_gridlike, serial_shops, nicolae_shop_crystal, special_room
          [special_room_orc]
Elf:3:    minmay_elf_hall_hex, layout_loops_cross

Skill      XL: |  1  2  3  4  5  6  7  8  9 10 11 12 13 14 15 16 17 18 |
---------------+-------------------------------------------------------+-----
Spellcasting   | 5 6 9 12 14 16 18 | 18.9
Dodging        | 3 5 6 9 |  9.2
Conjurations   | 2 3 5 7 8 9 11 15 16 18 | 18.7
Fire Magic     | 2 4 7 12 14 15 | 15.4
Stealth        | 3 4 |  4.9
Air Magic      | 1 2 |  2.9
Poison Magic   | 1 |  1.7
Armour         | 3 |  3.7
Translocations | 4 |  4.1
Earth Magic    | 3 5 |  5.5
Hexes          | 1 7 9 |  9.0
Evocations     | 6 |  6.5
Fighting       | 4 |  4.5
Necromancy     | 5 9 |  9.4
Staves         | 7 |  7.4
Summonings     | |  1.1

Action                   |  1- 3 |  4- 6 |  7- 9 | 10-12 | 13-15 | 16-18 || total
-------------------------+-------+-------+-------+-------+-------+-------++-------
Melee: Whip              |     9 |       |       |       |    13 |   282 ||   304
       Trident           |       |     2 |     1 |       |       |       ||     3
       Dagger            |       |       |    36 |     1 |       |       ||    37
       Staff             |       |       |       |       |    35 |       ||    35
Throw: Boomerang         |       |       |       |     1 |     4 |       ||     5
 Cast: Magic Dart        |    98 |   170 |   468 |   219 |   372 |    52 ||  1379
       Call Imp          |     2 |     5 |       |     1 |       |       ||     8
       Blink             |       |    10 |    10 |     9 |     5 |     6 ||    40
       Conjure Flame     |       |    11 |    30 |    31 |     5 |     2 ||    79
       Mephitic Cloud    |       |       |    17 |     9 |     1 |       ||    27
       Sandblast         |       |       |    25 |   172 |   243 |    19 ||   459
       Tukima's Dance    |       |       |       |    11 |     3 |     1 ||    15
       Dazzling Flash    |       |       |       |     6 |    13 |     3 ||    22
       Iskenderun's Myst |       |       |       |    55 |   123 |    60 ||   238
       Inner Flame       |       |       |       |    11 |    36 |    25 ||    72
       Borgnjor's Vile C |       |       |       |       |    97 |    69 ||   166
       Fireball          |       |       |       |       |    45 |   308 ||   353
       Orb of Destructio |       |       |       |       |    14 |    16 ||    30
       Summon Butterflie |       |       |       |       |     1 |     3 ||     4
       Invisibility      |       |       |       |       |       |     5 ||     5
Evoke: Wand              |       |       |       |     1 |     5 |       ||     6
       Lightning rod     |       |       |       |       |    10 |       ||    10
  Use: Potion            |     2 |     1 |     2 |     2 |     5 |    11 ||    23
       Scroll            |       |     4 |     3 |     9 |    13 |    20 ||    49
 Stab: Invisible         |       |       |       |       |     1 |     1 ||     2
       Sleeping          |       |       |       |       |       |     4 ||     4
  Eat: Chunk             |     4 |     4 |    14 |    10 |    14 |    16 ||    62
       Ration            |       |     1 |       |     2 |     7 |     6 ||    16
Armor: Robe              |     6 |    16 |     4 |       |       |       ||    26
       Leather armour    |       |       |    43 |    29 |    87 |    55 ||   214
Dodge: Dodged            |    22 |    14 |    88 |    43 |   155 |   145 ||   467

Table legend:
 A = Non-vault XP
 B = Vault XP
 C = Vault XP percentage of total XP
 D = Non-vault monster count
 E = Vault monster count
 F = Vault count percentage of total count
                 A         B        C        D         E       F
            +---------+---------+-------+---------+---------+-------
      Total |  193983 |   94957 |  32.9 |     762 |     184 |  19.5
            +---------+---------+-------+---------+---------+-------
        D:1 |      21 |       0 |   0.0 |      11 |       0 |   0.0
        D:2 |      89 |     223 |  71.5 |      21 |       1 |   4.5
        D:3 |     165 |      33 |  16.7 |      20 |       1 |   4.8
        D:4 |     778 |       0 |   0.0 |      23 |       0 |   0.0
        D:5 |     743 |       0 |   0.0 |      25 |       0 |   0.0
        D:6 |    1339 |     174 |  11.5 |      22 |       2 |   8.3
        D:7 |    1527 |       0 |   0.0 |      38 |       0 |   0.0
        D:8 |     891 |       0 |   0.0 |      19 |       0 |   0.0
        D:9 |    2016 |       0 |   0.0 |      17 |       0 |   0.0
       D:10 |     961 |    2907 |  75.2 |      18 |       2 |  10.0
       D:11 |    7450 |    5119 |  40.7 |      50 |      23 |  31.5
       D:12 |    6366 |    2200 |  25.7 |      44 |      13 |  22.8
       D:13 |   11064 |    2619 |  19.1 |      38 |       8 |  17.4
       D:14 |    8012 |       0 |   0.0 |      33 |       0 |   0.0
       D:15 |   15641 |    4452 |  22.2 |      38 |       8 |  17.4
     Lair:1 |    2290 |       0 |   0.0 |      13 |       0 |   0.0
     Lair:2 |    5419 |     409 |   7.0 |      26 |       1 |   3.7
     Lair:3 |    3175 |     933 |  22.7 |      11 |       6 |  35.3
     Lair:4 |    2769 |     105 |   3.7 |      10 |       1 |   9.1
     Lair:5 |    9864 |    2152 |  17.9 |      30 |       3 |   9.1
     Lair:6 |   14846 |    2804 |  15.9 |      46 |       5 |   9.8
    Snake:1 |   14320 |       0 |   0.0 |      31 |       0 |   0.0
    Snake:2 |   25464 |       0 |   0.0 |      44 |       0 |   0.0
    Snake:3 |   16836 |       0 |   0.0 |      33 |       0 |   0.0
      Orc:1 |    3938 |     349 |   8.1 |      32 |       4 |  11.1
      Orc:2 |     573 |   16393 |  96.6 |      13 |      38 |  74.5
      Elf:1 |   13033 |    9402 |  41.9 |      20 |      17 |  45.9
      Elf:2 |   12307 |   15594 |  55.9 |      18 |      32 |  64.0
      Elf:3 |   12086 |   29089 |  70.6 |      18 |      19 |  51.4
            +---------+---------+-------+---------+---------+-------
